 Dungeon Crawl Stone Soup version 0.26.0-10-g1f06aea511 (webtiles) character file.

Game seed: 5930313372100948069

7671 Borgoz the Fighter (level 11, -4/95 HPs)
             Began as a Ghoul Gladiator on Jan 15, 2021.
             Was a Priest of Ashenzari.
             Slain by an ice devil (10 damage)
             ... in an ice cave.
             The game lasted 00:19:25 (12640 turns).

Borgoz the Fighter (Ghoul Gladiator)               Turns: 12640, Time: 00:19:26

Health: -4/95      AC: 15    Str: 19    XL:     11   Next: 18%
Magic:  13/13      EV: 15    Int:  3    God:    Ashenzari [***...]
Gold:   609        SH:  3    Dex: 13    Spells: 9/14 levels left

rFire    . . .     SeeInvis +   b - +2 long sword
rCold    + . .     Faith    .   s - +0 buckler
rNeg     + + +     Spirit   .   x - +1 steam dragon scales
rPois    ∞         Reflect  .   c - +0 helmet
rElec    .         Harm     .   e - scarf {repulsion}
rCorr    .         Rampage  .   (no gloves)
Will     .....                  w - +1 pair of boots
Stlth    +.........             v - amulet of the acrobat
HPRegen  0.00/turn              o - +4 ring of protection
MPRegen  0.13/turn              (no ring)

@: repel missiles
A: claws 1, cold resistance 1, negative energy resistance 3, inhibited
regeneration, torment resistance, unbreathing
a: Renounce Religion, Curse Item, Scrying


You were in an ice cave.
You worshipped Ashenzari.
Ashenzari was most pleased with you.
You visited 2 branches of the dungeon, and saw 12 of its levels.
You also visited: Sewer and Ice Cave.

You collected 609 gold pieces.

Inventory:

Hand Weapons
 a - a +1 great sword
 b - a +2 long sword (weapon)
Armour
 c - a +0 helmet (worn)
 e - a scarf of repulsion (worn)
 s - a +0 buckler (worn)
 w - a +1 pair of boots (worn)
 x - +1 steam dragon scales (worn)
Jewellery
 o - a +4 ring of protection (left claw)
 r - an uncursed ring of flight
 v - an amulet of the acrobat (around neck)
Wands
 d - a wand of iceblast (5)
 i - a wand of digging (9)
 p - a wand of acid (5)
Scrolls
 g - 3 scrolls of teleportation
 k - 3 scrolls of remove curse
 m - a scroll of magic mapping
Potions
 f - a potion of flight
 h - a potion of haste
 j - 5 potions of curing
 l - 3 potions of brilliance
 n - 2 potions of lignification {unknown}
 q - a potion of cancellation


   Skills:
 * Level 8.8 Fighting
 * Level 8.6 Long Blades
 - Level 1.7 Throwing
 * Level 7.9 Armour
 * Level 7.6 Dodging
 - Level 2.0 Spellcasting
 - Level 2.0 Hexes


You had 9 spell levels left.
You knew the following spells:

 Your Spells              Type           Power        Failure   Level
a - Confusing Touch       Hex            1%           73%         3
b - Blink                 Tloc           N/A          77%         2

Your spell library contained the following spells:

 Spells                   Type           Power        Failure   Level
 Slow                     Hex            1%           50%         2
 Magic Dart               Conj           0%           63%         1
 Call Imp                 Summ           0%           77%         2
 Conjure Flame            Conj/Fire      0%           94%         3
 Gell's Gravitas          Tloc           0%           94%         3
 Lesser Beckoning         Tloc           0%           94%         3
 Mephitic Cloud           Conj/Pois/Air  0%           94%         3
 Teleport Other           Tloc           0%           94%         3
 Passage of Golubria      Tloc           N/A          100%        4
 Petrify                  Tmut/Erth      0%           100%        4
 Metabolic Englaciation   Hex/Ice        0%           100%        5
 Yara's Violent Unravell  Hex/Tmut       0%           100%        5


Dungeon Overview and Level Annotations

Branches:
Dungeon (11/15)            Temple (1/1) D:5            Lair (0/6) D:8
  Sewer (visited)           IceCv (1/1)
    Orc: D:9-12

Altars:
Ashenzari
Cheibriados
Dithmenos
Elyvilon
Fedhas
Gozag
Hepliaklqana
Kikubaaqudgha
Makhleb
Nemelex Xobeh
Okawaru
Qazlal
Ru
Sif Muna
Trog
Uskayaw
Vehumet
Wu Jian
Xom
Yredelemnul
Zin
The Shining One

Shops:
D:5 (   D:6 ?   D:7 (*[


Innate Abilities, Weirdness & Mutations

You thrive by killing the living.
You are immune to poison.
You have sharp fingernails.
Your flesh is cold resistant. (rC+)
You are immune to negative energy. (rN+++)
You do not regenerate when monsters are visible.
You are immune to unholy pain and torment.
You can survive without breathing.


Message History

The ice devil hits you.
* * * LOW HITPOINT WARNING * * *
The ice devil freezes you! You resist.
* * * LOW HITPOINT WARNING * * *
There is an open door here.
There's a creature in the doorway!
The ice devil misses you.
You riposte.
You hit the ice devil.
The ice devil is lightly wounded.
You hit the ice devil.
The ice devil is moderately wounded.
The ice devil hits you.
* * * LOW HITPOINT WARNING * * *
The ice devil freezes you! You resist.
* * * LOW HITPOINT WARNING * * *
You hit the ice devil.
The ice devil is moderately wounded.
You hit the ice devil but do no damage.
The ice devil is moderately wounded.
The ice devil hits you!
You die...

..... , , , +,, ,
......,, * ** ,8
......., , , , ,
......⌠.{ , , ,
,, ......... , ,
,
..........######*
,8
#.........#..'.#{
, , ,
.........#..#.###
* *
........####.4@#{
*........, ###4#*
* ..... * #.+ , ,
#####* ### *


You could see 2 ice devils.

Vanquished Creatures
  A centaur warrior (D:9)
  An unseen horror (D:11)
  A gargoyle (D:11)
  Maggie (D:6)
  A rime drake (D:11)
  A polar bear (D:8)
  A troll (D:9)
  3 yaks (D:10)
  A steam dragon (D:9)
  Edmund (D:4)
  A water moccasin (D:7)
  2 sky beasts
  2 orc warriors
  4 ice beasts
  3 ogres
  A black bear (D:9)
  2 phantoms
  A necrophage (D:10)
  2 wolves (D:8)
  4 centaurs
  A big kobold (D:8)
  7 bullfrogs
  3 scorpions
  6 killer bees (D:11)
  3 electric eels (D:8)
  3 wights (D:9)
  5 howler monkeys
  4 bullfrog zombies
  2 centaur zombies
  3 jellies
  3 hounds
  5 orc wizards
  2 bullfrog skeletons
  6 orc priests
  A centaur skeleton (D:4)
  5 worker ants
  2 iguanas
  A hound zombie (D:5)
  A worker ant zombie (D:5)
  11 adders
  A howler monkey skeleton (D:7)
  5 white imps
  2 worker ant simulacra (D:8)
  An ufetubus (D:8)
  An ooze (D:4)
  An adder zombie (D:5)
  2 adder skeletons
  4 worms
  5 leopard geckos
  27 orcs
  17 giant cockroaches
  9 goblins
  4 hobgoblins
  19 jackals
  7 quokkas
  3 ball pythons
  A ball python skeleton (D:5)
  11 bats
  13 frilled lizards
  A giant cockroach zombie (D:5)
  11 kobolds
  A leopard gecko simulacrum (D:8)
  A leopard gecko skeleton (D:5)
  A leopard gecko zombie (D:5)
  A quokka skeleton (D:5)
  9 rats
266 creatures vanquished.

Vanquished Creatures (others)
  A shadow imp (D:9)
1 creature vanquished.

Grand Total: 267 creatures vanquished

Notes
Turn   | Place    | Note
-------+----------+-------------------------------------------
     0 | D:1      | Borgoz the Ghoul Gladiator began the quest for the Orb.
     0 | D:1      | Reached XP level 1. HP: 17/17 MP: 0/0
   183 | D:1      | Reached XP level 2. HP: 24/24 MP: 1/1
   716 | D:2      | Reached skill level 1 in Armour
   739 | D:2      | Reached XP level 3. HP: 17/30 MP: 2/2
   846 | D:2      | Found a broken altar of Ashenzari.
   869 | D:2      | Became a worshipper of Ashenzari the Shackled
   965 | D:2      | Reached XP level 4. HP: 34/37 MP: 3/3
  1810 | D:2      | Reached XP level 5. HP: 34/45 MP: 4/4
  2115 | D:3      | Reached XP level 6. HP: 34/51 MP: 5/5
  2451 | D:3      | Found a shimmering blue altar of Sif Muna.
  2513 | D:3      | Found a snail-covered altar of Cheibriados.
  2610 | D:3      | Found an iron altar of Okawaru.
  2679 | D:3      | Found a shimmering altar of Xom.
  2679 | D:3      | Found a hide-covered altar of Uskayaw.
  2679 | D:3      | Found a shadowy altar of Dithmenos.
  2766 | D:4      | Noticed a phantom
  2781 | D:4      | Noticed Edmund
  2856 | D:4      | Found a glowing drain.
  2860 | Sewer    | Entered a sewer
  3647 | D:4      | Killed a phantom
  3648 | D:4      | Reached XP level 7. HP: 58/58 MP: 6/6
  3721 | D:4      | Killed Edmund
  3722 | D:4      | Reached skill level 5 in Long Blades
  4143 | D:4      | Reached * piety under Ashenzari
  4336 | D:5      | Entered Level 5 of the Dungeon
  4349 | D:5      | Reached XP level 8. HP: 61/67 MP: 7/7
  4401 | D:5      | Found a staircase to the Ecumenical Temple.
  4418 | Temple   | Entered the Ecumenical Temple
  5046 | D:5      | Found Vifaxt's Weapon Emporium.
  5843 | D:6      | Reached skill level 5 in Armour
  5847 | D:6      | Learned a level 3 spell: Confusing Touch
  6022 | D:6      | Reached skill level 5 in Fighting
  6318 | D:6      | Noticed Maggie
  6343 | D:6      | Killed Maggie
  6344 | D:6      | Reached skill level 5 in Dodging
  6344 | D:6      | Reached skill level 1 in Spellcasting
  6344 | D:6      | Reached skill level 1 in Hexes
  6344 | D:6      | Reached XP level 9. HP: 35/74 MP: 7/9
  6527 | D:6      | Found Wereuvye's Magic Scroll Emporium.
  6849 | D:6      | Found a broken altar of Ashenzari.
  6858 | D:6      | Found a glowing silver altar of Zin.
  7103 | D:7      | Found Esuub's Antique Weapon Shop.
  7391 | D:7      | Found Homaesch's General Store.
  7440 | D:7      | Found Jiodeerch's Antique Armour Emporium.
  7575 | D:7      | Learned a level 2 spell: Blink
  7710 | D:7      | Found a burning altar of Makhleb.
  8052 | D:7      | Found the +4 Cigotuvi's embrace {rMiasma *Drain rN+}
  8217 | D:7      | Reached ** piety under Ashenzari
  8694 | D:8      | Noticed a polar bear
  8732 | D:8      | Killed a polar bear
  8797 | D:8      | Reached XP level 10. HP: 27/84 MP: 12/12
  9160 | D:8      | Found a glowing golden altar of the Shining One.
  9695 | D:8      | Found a staircase to the Lair.
  9988 | D:9      | Noticed a centaur warrior
 10005 | D:9      | Killed a centaur warrior
 11193 | D:9      | Found a basalt altar of Yredelemnul.
 11275 | D:10     | Entered Level 10 of the Dungeon
 11907 | D:10     | Reached *** piety under Ashenzari
 12168 | D:11     | Reached XP level 11. HP: 82/95 MP: 13/13
 12211 | D:11     | Noticed an unseen horror
 12255 | D:11     | Killed an unseen horror
 12262 | D:11     | Found a frozen archway.
 12275 | IceCv    | Entered an ice cave
 12640 | IceCv    | Slain by an ice devil

Illustrated notes

Levels and vault maps discovered:
D:1:      wander_arrival_peaceful_grave, layout_loops_ring
D:2:      minmay_chambers_of_ones, layout_loops_ring, ashenzari_altar_1
D:3:      layout_basic, minitemple, led_sif_pool
D:4:      layout_gridville, gup_sewer_entry_bowl, uniq_edmund
D:5:      layout_basic, minmay_temple_entry_slanted, serial_shops, shop
D:6:      layout_basic, amethyst_overflow_temple_binary, serial_shops, shop,
          kennysheep_generic_room_2, uniq_maggie
D:7:      layout_cave_pods, kennysheep_little_box, serial_shops,
          nicolae_shop_statue_plus, shop, shop
D:8:      layout_gridville, lair_entry_dummy, serial_ice, serial_ice_n,
          serial_ice_c, serial_ice_a, serial_ice_k, serial_ice_b, serial_ice_f,
          nicolae_tso_carved_into_rock
D:9:      cheibrodos_helix_gallery, layout_loops_ring, yredelemnul_altar_generic
D:10:     layout_loops_cross
D:11:     layout_cross, zombieorc2_lemuel, serial_ice, serial_ice_g,
          serial_ice_o, serial_ice_i, serial_ice_e, portal_ice_cave_rime,
          kennysheep_crisscross, minivault_24
Temple:   hc_temple_tempest_star
IceCv:    ice_cave_tombish

Skill      XL: |  1  2  3  4  5  6  7  8  9 10 |
---------------+-------------------------------+-----
Long Blades    | 3 4 5 6 7 8 |  8.6
Armour         | 1 2 3 4 5 6 7 |  7.9
Dodging        | 3 4 5 6 7 |  7.6
Fighting       | 3 4 5 6 8 |  8.8
Spellcasting   | 1 2 |  2.0
Hexes          | 1 2 |  2.0
Throwing       | |  1.7

Action                   |  1- 3 |  4- 6 |  7- 9 | 10-12 || total
-------------------------+-------+-------+-------+-------++-------
Melee: Long sword        |    78 |   258 |   529 |   352 ||  1217
       Great sword       |       |       |       |    19 ||    19
Throw: Throwing net      |       |       |     3 |       ||     3
  Use: Scroll            |     1 |     7 |     6 |     6 ||    20
       Potion            |       |     2 |     1 |     6 ||     9
 Stab: Held in net/web   |       |       |     3 |       ||     3
Armor: Ring mail         |    37 |   151 |   139 |       ||   327
       Acid dragon scale |       |       |   139 |    82 ||   221
       Steam dragon scal |       |       |       |   100 ||   100
Dodge: Dodged            |    57 |   215 |   431 |   354 ||  1057
       Repelled          |     1 |     1 |     1 |     6 ||     9
Block: Buckler           |       |       |       |    55 ||    55
       Rpst.: Long sword |    16 |    78 |   122 |   107 ||   323
       Great sword       |       |       |       |     5 ||     5
